 Dungeon Crawl Stone Soup version 0.26-a0-244-g083ca260ac (webtiles) character file.

Game seed: 15861517370948232624

56 DDDD the Conjurer (level 3, -9/19 HPs)
             Began as a Deep Elf Conjurer on July 8, 2020.
             Killed from afar by Robin (15 damage)
             ... with a puff of flame
             ... on level 2 of the Dungeon.
             The game lasted 00:07:23 (1552 turns).

DDDD the Conjurer (Deep Elf Conjurer)               Turns: 1552, Time: 00:07:23

Health: -9/19      AC:  2    Str:  4    XL:     3   Next: 69%
Magic:  6/10       EV: 13    Int: 23    God:
Gold:   132        SH:  0    Dex: 13    Spells: 6/9 levels left

rFire    . . .     SeeInvis .   k - +0 spear
rCold    . . .     Faith    .   (no shield)
rNeg     . . .     Spirit   .   a - +0 robe
rPois    .         Reflect  .   (no helmet)
rElec    .         Harm     +   e - scarf {harm}
rCorr    .                      (no gloves)
MR       .....                  (no boots)
Stlth    ++........             (no amulet)
HPRegen  0.06/turn              (no ring)
MPRegen  0.12/turn              (no ring)

@: no status effects
A: no striking features
a: no special abilities


You were on level 2 of the Dungeon.
You were not hungry.

You visited 1 branch of the dungeon, and saw 2 of its levels.

You collected 132 gold pieces.

Inventory:

Hand Weapons
 k - a +0 spear (weapon)
Armour
 a - a +0 robe (worn)
 e - a scarf of harm (worn)
Jewellery
 n - a cursed ring of attention {unknown}
Scrolls
 b - a scroll of amnesia {unknown}
 d - a scroll of magic mapping
 f - 2 scrolls of remove curse {unknown}
 g - a scroll of identify {unknown}
 l - a scroll of fog {unknown}
Potions
 h - a potion of degeneration {unknown}
 i - a potion of ambrosia {unknown}
 j - a potion of haste {unknown}
 m - a potion of heal wounds {unknown}
Comestibles
 c - 3 rations


   Skills:
 + Level 2.5 Dodging
 + Level 2.5 Stealth
 + Level 3.8 Spellcasting
 + Level 5.5 Conjurations


You had 6 spell levels left.
You knew the following spells:

 Your Spells              Type           Power        Failure   Level
a - Magic Dart            Conj           ####         1%          1
b - Searing Ray           Conj           ####..       1%          2

Your spell library contained the following spells:

 Spells                   Type           Power        Failure   Level
 Dazzling Flash           Conj/Hex       ###...       11%         3
 Fulminant Prism          Conj/Hex       ###.......   34%         4
 Iskenderun's Mystic Bla  Conj/Tloc      ###.....     34%         4


Dungeon Overview and Level Annotations

Branches:
Dungeon (2/15)

Altars:

Annotations:
D:2 Robin


Message History

Robin roars a battlecry!
The goblins go into a battle-frenzy!
You see here a goblin corpse.
Robin throws the goblin at you! The goblin hits you.
The goblin hits you with a +0 club.
* * * LOW HITPOINT WARNING * * *
Unknown command.
Casting: Magic Dart (safe; 1% risk of failure)
Confirm with . or Enter, or press ? or * to list all spells.
Aiming: Searing Ray (safe; 1% risk of failure)
Press: ? - help, Shift-Dir - straight line The searing ray hits the goblin!
You kill the goblin!
The searing ray hits the goblin!
You kill the goblin! (Press . to maintain the ray.)
There is an open door here.
Robin zaps a wand.
The puff of flame hits you!
Ouch! That really hurt!
You die...

#...#.# #.#g# #### #.#.#.# #.#.#
...# #.#.#.# #.#.# ...# #.#.#.#
#.#†# ...# #.#...# #.#g### ####
#.*#..# #.#...# *,**,,* #.#.#)#
*,,,,>* #.###.# ******* #@# #†#
#######'###g# #........##.#
#......g.##g# #........##.# ##
######....)..g##.############ .#
#.......####.......†.........
.####.......########.###########.
.'..'.......'........# #.


You could see Robin and a goblin.

Vanquished Creatures
  2 adders (D:2)
  A worm (D:2)
  2 leopard geckos
  3 bats
  A giant cockroach (D:2)
  4 goblins (D:2)
  2 hobgoblins
  7 jackals (D:1)
  2 frilled lizards (D:1)
  3 kobolds
  4 rats
31 creatures vanquished.

Notes
Turn   | Place    | Note
-------+----------+-------------------------------------------
     0 | D:1      | DDDD the Deep Elf Conjurer began the quest for the Orb.
     0 | D:1      | Reached XP level 1. HP: 10/10 MP: 6/6
   255 | D:1      | Reached XP level 2. HP: 15/15 MP: 0/8
   552 | D:1      | Reached skill level 5 in Conjurations
  1090 | D:2      | Reached XP level 3. HP: 18/19 MP: 4/9
  1214 | D:2      | Learned a level 2 spell: Searing Ray
  1527 | D:2      | Noticed Robin
  1552 | D:2      | Killed from afar by Robin

Illustrated notes

Levels and vault maps discovered:
D:1:      dpeg_arrival_pond, layout_loops_cross
D:2:      layout_basic, uniq_jessica, uniq_robin, uniq_natasha

Skill      XL: |  1  2 |
---------------+-------+-----
Conjurations   | 5 |  5.5
Dodging        | |  2.5
Stealth        | |  2.5
Spellcasting   | |  3.8

Action                   || total
-------------------------++-------
Melee: Short sword       ||     7
 Cast: Magic Dart        ||    56
       Searing Ray       ||     3
  Use: Scroll            ||     1
  Eat: Ration            ||     1
Armor: Robe              ||     1
Dodge: Dodged            ||    15

Table legend:
 A = Non-vault XP
 B = Vault XP
 C = Vault XP percentage of total XP
 D = Non-vault monster count
 E = Vault monster count
 F = Vault count percentage of total count
                 A         B        C        D         E       F
            +---------+---------+-------+---------+---------+-------
      Total |      70 |      10 |  12.5 |      26 |       5 |  16.1
            +---------+---------+-------+---------+---------+-------
        D:1 |      27 |       0 |   0.0 |      16 |       0 |   0.0
        D:2 |      43 |      10 |  18.9 |      10 |       5 |  33.3
            +---------+---------+-------+---------+---------+-------
